 Dungeon Crawl Stone Soup version 0.30.1 (webtiles) character file.

Game seed: 15058914122867338628

72 GimliDwarf the Cutter (level 4, -1/41 HPs)
             Began as a Gnoll Wanderer on July 12, 2023.
             Killed by nerve-wracking pain
             ... invoked by Grinder
              (3 damage)
             ... on level 3 of the Dungeon.
             The game lasted 00:04:01 (2043 turns).

GimliDwarf the Cutter (Gnoll Wanderer)              Turns: 2043, Time: 00:04:01

Health: -1/41      AC:  4    Str:  7    XL:     4   Next: 25%
Magic:  6/6        EV: 15    Int:  9    God:
Gold:   120        SH:  0    Dex: 20    Spells: 5/5 levels left

rFire   . . .        a - +2 short sword
rCold   . . .        (no shield)
rNeg    . . .        m - +0 robe
rPois   .            (no helmet)
rElec   .            (no cloak)
rCorr   .            q - +0 pair of gloves
SInv    .            c - +0 pair of boots
Will    .....        (no amulet)
Stlth   ++           (no ring)
HPRegen 0.26/turn    (no ring)
MPRegen 0.10/turn

%: no passive effects
@: on berserk cooldown, slowed, very slow
A: fangs 1, strong nose, distributed training
a: no special abilities


You were on level 3 of the Dungeon.
You visited 1 branch of the dungeon, and saw 3 of its levels.

You collected 120 gold pieces.

Inventory:

Hand Weapons
 a - a +2 short sword (weapon)
Armour
 c - a +0 pair of boots (worn)
 m - a +0 robe (worn)
 q - a +0 pair of gloves (worn)
Scrolls
 f - a scroll of enchant weapon {unknown}
 j - a scroll of identify {unknown}
 k - a scroll of fog {unknown}
 n - a scroll of amnesia {unknown}
 p - a scroll of teleportation {unknown}
Potions
 b - a potion of curing
 e - a potion of might {unknown}
 g - 2 potions of heal wounds {unknown}
 h - a potion of haste {unknown}
 i - a potion of flight {unknown}
 l - a potion of mutation {unknown}
 o - 2 potions of attraction {unknown}


   Skills:
 + Level 6.6 Fighting
 + Level 6.6 Short Blades
 + Level 1.1 Long Blades
 + Level 1.1 Axes
 + Level 1.1 Maces & Flails
 + Level 1.1 Polearms
 + Level 1.1 Staves
 + Level 1.1 Ranged Weapons
 + Level 1.1 Throwing
 + Level 1.1 Armour
 + Level 4.6 Dodging
 + Level 1.1 Stealth
 + Level 1.1 Shields
 + Level 1.1 Unarmed Combat
 + Level 1.1 Spellcasting
 + Level 0.9 Conjurations
 + Level 0.9 Hexes
 + Level 0.9 Summonings
 + Level 0.9 Necromancy
 + Level 0.9 Translocations
 + Level 0.9 Transmutations
 + Level 0.9 Fire Magic
 + Level 0.9 Ice Magic
 + Level 0.9 Air Magic
 + Level 0.9 Earth Magic
 + Level 0.9 Poison Magic
 + Level 2.8 Invocations
 + Level 2.7 Evocations


You had 5 spell levels left.
You didn't know any spells.
Your spell library contained the following spells:

 Spells                   Type           Power      Damage    Failure   Level
 Sandblast                Erth           4%         2d4       26%         1
 Passwall                 Tmut/Erth      1%         N/A       36%         2
 Stone Arrow              Conj/Erth      4%         3d7       58%         3
 Cause Fear               Hex            1%         N/A       94%         4
 Dragon Form              Tmut           1%         N/A       100%        7
 Dragon's Call            Summ           1%         N/A       100%        9


Dungeon Overview and Level Annotations

Branches:
Dungeon (3/15)

Altars:

Annotations:
D:3 Grinder


Innate Abilities, Weirdness & Mutations

You have very sharp teeth.
Your uncanny sense of smell can sniff out nearby items.
Your experience applies equally to all skills.


Message History

Grinder says, "Don't move a muscle."
Grinder hits you but does no damage.
You barely miss Grinder.
Grinder is moderately wounded.
Grinder misses you.
You completely miss Grinder.
Grinder is moderately wounded.
You hit Grinder but do no damage.
Grinder is moderately wounded.
Grinder gestures at you. Pain shoots through your body!
You are too injured to fight recklessly!
You are too injured to fight recklessly!
You are too injured to fight recklessly!
You are too injured to fight recklessly!
You hit Grinder.
Grinder is heavily wounded.
Grinder blinks!
Grinder gestures at you. Pain shoots through your body!
* * * LOW HITPOINT WARNING * * *
Grinder says, "Are you a fish?"
Found a scroll labelled INLUHE VISHEARGHYKO.
Grinder blinks!
Grinder attacks as you move away! Grinder hits you.
* * * LOW HITPOINT WARNING * * *
You writhe in agony.
* * * LOW HITPOINT WARNING * * *
There is a stone staircase leading down here.
You closely miss Grinder.
Grinder is heavily wounded.
Grinder closely misses you.
You closely miss Grinder.
Grinder is heavily wounded.
Grinder misses you.
You hit Grinder.
Grinder is heavily wounded.
Grinder gestures at you. Pain shoots through your body!
You die...

.............#.#
#.#
######.####.#.#
#.# #.#
#.#.###.### .
#.# #.#........
.. #.#
#.#####.###
...### #.# #.#
#.# .?..# #.#
#.#####.# ∆
#..##.#
#....†..# ∆
#.@5.# #########
##.#.# #.#.#
#.... ######


You could see Grinder.

Vanquished Creatures
  2 adders (D:2)
  2 gnolls (D:2)
  2 worms
  A dart slug (D:2)
  An endoplasm (D:2)
  A giant cockroach (D:2)
  5 goblins
  A hobgoblin (D:2)
  2 quokkas (D:1)
  3 ball pythons
  2 bats (D:2)
  A frilled lizard (D:2)
  3 kobolds
  5 rats
31 creatures vanquished.

Notes
Turn   | Place    | Note
-------+----------+-------------------------------------------
     0 | D:1      | GimliDwarf the Gnoll Wanderer began the quest for the Orb.
     0 | D:1      | GimliDwarf set off with the following items: a +2 short
                  | sword, a potion of curing, a +0 pair of boots, a potion of
                  | berserk rage, a +0 robe.
     0 | D:1      | Reached XP level 1. HP: 23/23 MP: 2/2
   128 | D:1      | You fall into a shaft and drop 1 floor!
   198 | D:2      | Reached XP level 2. HP: 29/29 MP: 3/3
   215 | D:2      | Reached XP level 3. HP: 13/35 MP: 4/4
  1369 | D:2      | Reached skill level 1 in Long Blades
  1369 | D:2      | Reached skill level 1 in Axes
  1369 | D:2      | Reached skill level 1 in Maces & Flails
  1369 | D:2      | Reached skill level 1 in Polearms
  1369 | D:2      | Reached skill level 1 in Staves
  1369 | D:2      | Reached skill level 1 in Ranged Weapons
  1369 | D:2      | Reached skill level 1 in Throwing
  1369 | D:2      | Reached skill level 1 in Armour
  1369 | D:2      | Reached skill level 1 in Stealth
  1369 | D:2      | Reached skill level 1 in Shields
  1369 | D:2      | Reached skill level 1 in Unarmed Combat
  1369 | D:2      | Reached skill level 1 in Spellcasting
  1503 | D:2      | Reached XP level 4. HP: 30/41 MP: 6/6
  2002 | D:3      | Noticed Grinder
  2040 | D:3      | HP: 1/41 [Grinder (2)]
  2043 | D:3      | Killed from afar by Grinder

Illustrated notes

Levels and vault maps discovered:
D:1:      dpeg_arrival_houses_and_road, layout_basic, minmay_misc_feat_iff,
          minmay_bisected
D:2:      layout_loops_ring, minmay_cut_off
D:3:      layout_basic, riverfiend_overflow_shadow_ancestor, uniq_terence,
          uniq_grinder

Skill      XL: |  1  2  3 |
---------------+----------+-----
Long Blades    | 1 |  1.1
Axes           | 1 |  1.1
Maces & Flails | 1 |  1.1
Polearms       | 1 |  1.1
Staves         | 1 |  1.1
Ranged Weapons | 1 |  1.1
Throwing       | 1 |  1.1
Armour         | 1 |  1.1
Stealth        | 1 |  1.1
Shields        | 1 |  1.1
Unarmed Combat | 1 |  1.1
Spellcasting   | 1 |  1.1
Fighting       | |  6.6
Short Blades   | |  6.6
Dodging        | |  4.6
Conjurations   | |  0.9
Hexes          | |  0.9
Summonings     | |  0.9
Necromancy     | |  0.9
Translocations | |  0.9
Transmutations | |  0.9
Fire Magic     | |  0.9
Ice Magic      | |  0.9
Air Magic      | |  0.9
Earth Magic    | |  0.9
Poison Magic   | |  0.9
Invocations    | |  2.8
Evocations     | |  2.7

Action                     |  1- 3 |  4- 6 || total
---------------------------+-------+-------++-------
  Melee: Short sword       |   114 |    32 ||   146
         Bite              |    10 |     3 ||    13
         Punch             |     2 |     1 ||     3
    Use: Potion            |     1 |     1 ||     2
   Stab: Sleeping          |     2 |       ||     2
 Armour: Robe              |    15 |     3 ||    18
  Dodge: Dodged            |    51 |    12 ||    63
